[Event "Titled Tuesday Blitz March 21 Late 2023"]
[White "Remolar Gallen, Jose"]
[Black "Costachi, Mihnea"]
[WhiteFideId "2215187"]
[BlackFideId "1217518"]
[WhiteElo "2223"]
[BlackElo "2456"]
[Result "0-1"]
[Round "10"]
[TimeControl "180+2"]
[Date "2023.03.21"]
[WhiteClock "0:00:03"]
[BlackClock "0:01:37"]

1. e4 g6 2. d4 Bg7 3. Nc3 d6 4. f4 Nf6 5. Nf3 O-O 6. Bd3 c5 7. dxc5 dxc5 8. e5 Nd5 9. Nxd5 Qxd5 10. Qe2 Nc6 11. Be4 Qd7 12. c3 Qc7 13. Be3 b6 14. h4 Bb7 15. h5 Na5 16. Bc2 Qc6 17. O-O-O Rfd8 18. Rxd8+ Rxd8 19. hxg6 hxg6 20. f5 gxf5 21. Bxf5 Qd5 22. Ng5 Qxg2 23. Qxg2 Bxg2 24. Rg1 Bd5 25. e6 Nc4 26. Bf4 Nd6 27. Bh7+ Kf8 28. Bxd6 Rxd6 29. exf7 Bh6 30. Kc2 Bxg5 31. Rxg5 Bxf7 32. Bd3 Bxa2 33. c4 Bb1+ 34. Kxb1 Rxd3 0-1


[Site "https://www.chess.com"]

[Event "Titled Tuesday Blitz March 21 Late 2023"]
[White "Wagner, Dennis"]
[Black "Mendez Fortes, Eduardo Jesus"]
[WhiteFideId "24650684"]
[BlackFideId "3502376"]
[WhiteElo "2470"]
[BlackElo "2307"]
[Result "1-0"]
[Round "10"]
[TimeControl "180+2"]
[Date "2023.03.21"]
[WhiteClock "0:00:05"]
[BlackClock "0:00:20"]

1. d4 Nf6 2. b4 d5 3. c3 a5 4. b5 e6 5. a4 c5 6. Nf3 b6 7. Ba3 Bb7 8. e3 Nbd7 9. Nbd2 Rc8 10. Bd3 Bd6 11. O-O O-O 12. Qe2 Qe7 13. Rfe1 e5 14. e4 cxd4 15. Bxd6 Qxd6 16. cxd4 dxe4 17. Nxe4 Nxe4 18. Bxe4 Bxe4 19. Qxe4 exd4 20. Nxd4 Nc5 21. Qg4 Qf6 22. Nc6 Rce8 23. h4 Re4 24. Qg3 Rxh4 25. Ne7+ Kh8 26. Nf5 Rxa4 27. Rxa4 Nxa4 28. Nd6 Nc5 29. Nc4 h6 30. Rd1 Rd8 31. Rf1 Ne4 32. Qc7 Rd4 33. Nxb6 Rd2 34. Nd7 Qe7 35. Qc8+ Kh7 36. Nf8+ Kg8 37. Nd7+ Kh7 38. Nf8+ Kg8 39. Ng6+ Qd8 40. Ne7+ Kh7 41. Qf5+ g6 42. Qxf7+ Kh8 43. Nxg6# 1-0


[Site "https://www.chess.com"]

[Event "Titled Tuesday Blitz March 21 Late 2023"]
[White "Janaszak, Dawid"]
[Black "Bolourchifard, Farzad"]
[WhiteFideId "1119206"]
[BlackFideId "12510084"]
[WhiteElo "2220"]
[BlackElo "2317"]
[Result "1-0"]
[Round "10"]
[TimeControl "180+2"]
[Date "2023.03.21"]
[WhiteClock "0:00:10"]
[BlackClock "0:00:08"]

1. e4 e5 2. Nf3 Nc6 3. Nc3 Nf6 4. d4 exd4 5. Nxd4 Bb4 6. Nxc6 bxc6 7. Bd3 O-O 8. O-O d5 9. exd5 cxd5 10. h3 c6 11. Qf3 Rb8 12. Na4 Re8 13. b3 Ne4 14. c4 f5 15. Be3 Rb7 16. Rad1 Be6 17. cxd5 cxd5 18. Rc1 Rf7 19. Rfd1 Bd6 20. Bf4 Bf8 21. Bb5 Ree7 22. h4 Rb7 23. Ba6 Qxh4 24. Bxb7 Rxb7 25. g3 Qe7 26. Rc6 g5 27. Be3 Bd7 28. Rcc1 Be6 29. Bd4 f4 30. Nc5 Bf7 31. Nxe4 dxe4 32. Qg4 Rb5 33. Bb2 f3 34. Re1 Bg6 35. Rc4 h5 36. Qh3 g4 37. Qh2 Rd5 38. Kh1 Rd2 39. Bc3 Rxa2 40. Qg1 Bg7 41. Rd1 Bxc3 42. Rxc3 h4 43. gxh4 Qxh4+ 44. Qh2 Qxh2+ 45. Kxh2 Rxf2+ 46. Kg3 Rg2+ 47. Kf4 Kg7 48. Rd7+ Kh6 49. Rd6 Kg7 50. Rc7+ Bf7 51. Rdd7 e3 52. Rxf7+ Kg6 53. Rg7+ Kh6 54. Kf5 1-0


[Site "https://www.chess.com"]

[Event "Titled Tuesday Blitz March 21 Late 2023"]
[White "Aldokhin, Ivan"]
[Black "The_Sherman_Variation"]
[WhiteFideId "24115720"]
[WhiteElo "2322"]
[BlackElo "2561"]
[Result "1-0"]
[Round "10"]
[TimeControl "180+2"]
[Date "2023.03.21"]
[WhiteClock "0:00:38"]
[BlackClock "0:00:38"]

1. e4 b6 2. Nc3 Bb7 3. f4 g6 4. Nf3 Bg7 5. d4 d6 6. Bd3 Nd7 7. e5 Nh6 8. e6 fxe6 9. Qe2 Bxf3 10. Qxf3 O-O 11. Qh3 Nf5 12. Ne2 c5 13. c3 cxd4 14. g4 Ne3 15. Bxe3 dxe3 16. Qxe3 Nc5 17. Bc2 a5 18. h4 Qd7 19. h5 Qc6 20. O-O-O g5 21. h6 Bh8 22. f5 Bf6 23. Nd4 Qd5 24. Nxe6 Qxa2 25. Nxf8 Kxf8 26. Bb1 Nb3+ 27. Kc2 Qa4 28. Kd3 Nc5+ 29. Ke2 Qxg4+ 30. Qf3 Qc4+ 31. Bd3 Nxd3 32. Qxa8+ Kf7 33. Rxd3 Qb3 34. Qd5+ 1-0


[Site "https://www.chess.com"]

[Event "Titled Tuesday Blitz March 21 Late 2023"]
[White "Matinian, Nikita"]
[Black "Munoz, Francisco Javier"]
[WhiteFideId "24129100"]
[BlackFideId "128368"]
[WhiteElo "2422"]
[BlackElo "2383"]
[Result "1-0"]
[Round "10"]
[TimeControl "180+2"]
[Date "2023.03.21"]
[WhiteClock "0:01:23"]
[BlackClock "0:02:19"]

1. e4 e5 2. Nf3 Nc6 3. Bb5 a6 4. Ba4 Nge7 5. Nc3 d6 6. Bb3 Ng6 7. h4 h5 8. Ng5 Nd4 9. Bxf7+ Ke7 10. Nd5+ Kd7 11. Bxg6 c6 12. Ne3 Kc7 13. c3 Nb5 14. a4 Na7 15. d4 exd4 16. cxd4 Qf6 17. Bf5 Bxf5 18. exf5 Re8 19. O-O d5 20. Bd2 Bd6 21. Rc1 Kb8 22. Bc3 g6 23. Qf3 Rhf8 24. g3 Qg7 25. Rfe1 Qd7 26. f6 Nc8 27. f7 Re7 28. Ng2 Bc7 29. Nf4 Qf5 30. Rxe7 Nxe7 31. Re1 Qf6 32. Rxe7 Qxe7 33. Nxg6 Qd6 34. Nxf8 1-0


[Site "https://www.chess.com"]

[Event "Titled Tuesday Blitz March 21 Late 2023"]
[White "Martic, Ivan"]
[Black "Do Valle Cardoso, Lucas"]
[WhiteFideId "929301"]
[BlackFideId "2163144"]
[WhiteElo "2360"]
[BlackElo "2383"]
[Result "1-0"]
[Round "10"]
[TimeControl "180+2"]
[Date "2023.03.21"]
[WhiteClock "0:00:19"]
[BlackClock "0:00:01"]

1. d4 d5 2. c4 dxc4 3. e3 e5 4. Bxc4 exd4 5. Nf3 Bb4+ 6. Ke2 Nf6 7. Qxd4 Qe7 8. Qe5 O-O 9. Qxe7 Bxe7 10. Rd1 a6 11. a4 Nc6 12. h3 Bf5 13. Nc3 Rfd8 14. g4 Bc2 15. Rxd8+ Rxd8 16. Ne1 Bg6 17. f4 h5 18. f5 Bh7 19. g5 Bxf5 20. gxf6 Bxf6 21. Nd5 Be5 22. Nf3 Bxh3 23. Ne7+ Nxe7 24. Nxe5 Be6 25. Bxe6 fxe6 26. Bd2 Nf5 27. Rg1 Kh7 28. Bc3 c5 29. a5 h4 30. Rg4 h3 31. Nf3 Rd6 32. Ng5+ Kh6 33. Nxh3 Kh5 34. Rg1 Kh4 35. Ng5 Ng3+ 36. Kf3 Nf5 37. Ne4 Rd7 38. Rg4+ Kh5 39. Ng3+ Kh6 40. Ne4 g6 41. Nxc5 Re7 42. Bf6 Re8 43. Ne4 e5 44. Rg1 Kh7 45. Ng5+ Kg8 46. Rh1 Ng7 47. Rh7 Nh5 48. Rh8# 1-0


[Site "https://www.chess.com"]

[Event "Titled Tuesday Blitz March 21 Late 2023"]
[White "Petukhov, Dmitry"]
[Black "Jaferian, Koosha"]
[WhiteFideId "4142748"]
[BlackFideId "12507440"]
[WhiteElo "2311"]
[BlackElo "2107"]
[Result "0-1"]
[Round "10"]
[TimeControl "180+2"]
[Date "2023.03.21"]
[WhiteClock "0:00:20"]
[BlackClock "0:00:47"]

1. e4 c5 2. c3 Nf6 3. e5 Nd5 4. d4 cxd4 5. Nf3 e6 6. cxd4 d6 7. Nc3 Nxc3 8. bxc3 Nc6 9. Bd2 dxe5 10. Bd3 exd4 11. O-O Be7 12. cxd4 Nxd4 13. Nxd4 Qxd4 14. Be3 Qd5 15. Qc2 Bd7 16. Rfd1 Bc6 17. f3 Qe5 18. Bf2 Bd6 19. Bg3 Qc5+ 20. Bf2 Qxc2 21. Bxc2 Ke7 22. Rd2 Rhd8 23. Rad1 b6 24. Bxh7 Bc5 25. Bxc5+ bxc5 26. Kf2 Rxd2+ 27. Rxd2 g6 28. Rc2 Rh8 29. Rxc5 Kd6 30. Ra5 Rxh7 31. Rxa7 Bd7 32. h3 Rh5 33. a4 Rd5 34. h4 Rd4 35. g4 Rxa4 36. Rb7 Ra5 37. Kg3 Rc5 38. Ra7 Ke7 39. Kf4 Rd5 40. Rc7 Kf8 41. Ra7 Kg7 42. Rc7 Bb5 43. Ra7 Be2 44. Ke3 Bd1 45. Ra3 Rb5 46. Kd2 Rb3 47. Rxb3 Bxb3 48. Kc3 Bd5 49. f4 Bf3 50. g5 Kf8 51. Kd4 Ke7 52. Ke5 Bh5 53. Ke4 Kd6 54. Kd4 Kd7 55. Ke4 Ke7 56. Kd4 f6 57. Ke4 fxg5 58. Ke5 gxh4 0-1


[Site "https://www.chess.com"]

[Event "Titled Tuesday Blitz March 21 Late 2023"]
[White "Domingo Nunez, Ruben"]
[Black "Reprintsev, Alexander"]
[WhiteFideId "22245570"]
[BlackFideId "14100541"]
[WhiteElo "2404"]
[BlackElo "2229"]
[Result "1-0"]
[Round "10"]
[TimeControl "180+2"]
[Date "2023.03.21"]
[WhiteClock "0:01:07"]
[BlackClock "0:01:54"]

1. b3 e5 2. Bb2 Nc6 3. e3 d5 4. Bb5 Bd6 5. Nf3 f6 6. c4 dxc4 7. Bxc4 Qe7 8. Nc3 Be6 9. Nd5 Qf7 10. e4 Na5 11. Rc1 c6 12. Ne3 Nxc4 13. Nxc4 Bc7 14. d4 O-O-O 15. Qe2 exd4 16. Nxd4 Bxc4 17. Rxc4 Ba5+ 18. b4 Bb6 19. O-O Ne7 20. b5 Bxd4 21. Bxd4 Kb8 22. Ra4 b6 23. Qe3 c5 24. Bxc5 bxc5 25. Qg3+ Kb7 26. Rxa7+ Kxa7 27. Qc7+ Ka8 28. b6 Nd5 29. b7+ Ka7 30. b8=Q+ Ka6 31. Qbb7# 1-0


[Site "https://www.chess.com"]

[Event "Titled Tuesday Blitz March 21 Late 2023"]
[White "Omelja, Artem"]
[Black "Popov, Mikhail"]
[WhiteFideId "14119846"]
[BlackFideId "4146182"]
[WhiteElo "2404"]
[BlackElo "2270"]
[Result "1/2-1/2"]
[Round "10"]
[TimeControl "180+2"]
[Date "2023.03.21"]
[WhiteClock "0:00:22"]
[BlackClock "0:00:08"]

1. e4 e6 2. d3 d5 3. Nd2 Nf6 4. Ngf3 dxe4 5. dxe4 b6 6. c3 Bb7 7. Qc2 Be7 8. Bc4 O-O 9. a4 Nbd7 10. O-O a5 11. Re1 Nc5 12. Nd4 Nfd7 13. N2f3 Bf6 14. e5 Be7 15. Bf4 h6 16. Rad1 Qe8 17. Nb5 Qc8 18. Nfd4 Rd8 19. Bg3 Nf8 20. Be2 Ng6 21. Bh5 Nf8 22. Bf3 Bxf3 23. Nxf3 Qb7 24. Nbd4 Ng6 25. h4 c6 26. h5 Nf8 27. Bf4 b5 28. axb5 cxb5 29. Nh2 Nh7 30. Ndf3 b4 31. Ng4 b3 32. Qb1 Ng5 33. Bxg5 hxg5 34. h6 Rxd1 35. Rxd1 Qe4 36. Qxe4 Nxe4 37. hxg7 Kxg7 38. Ne3 a4 39. Nc4 Rc8 40. Nb6 Rb8 41. Nxa4 Ra8 42. Nb6 Ra2 43. Nc4 Bc5 44. Kf1 g4 45. Nfd2 Nxf2 46. Rb1 Nd3 47. Nxb3 Ba7 48. Nc1 Nxc1 49. Rxc1 Kg6 50. Ke2 Kf5 51. Kd3 Kf4 52. Rf1+ Kg3 53. Rxf7 Bg1 54. Rg7 Ra8 55. Nd6 Rd8 56. b4 Kf4 57. Kc2 Ra8 58. Kb3 Kxe5 59. Nc4+ Kf4 60. b5 Kg3 61. b6 Bxb6 62. Nxb6 Rb8 63. c4 Rxb6+ 64. Kc3 e5 65. c5 Rb8 66. Kc4 e4 67. Kd4 Rc8 68. Re7 Kxg2 69. Rxe4 g3 70. Kd5 Kf3 71. Re7 Rg8 72. Re1 Kf2 73. Ra1 g2 74. c6 g1=Q 75. Rxg1 Kxg1 76. c7 Kf2 77. Kd6 Ke3 78. Kd7 Kd4 79. c8=Q Rxc8 80. Kxc8 1/2-1/2


[Site "https://www.chess.com"]

[Event "Titled Tuesday Blitz March 21 Late 2023"]
[White "angelgab3"]
[Black "Vlassov, Nikolai"]
[BlackFideId "4103360"]
[WhiteElo "2526"]
[BlackElo "2324"]
[Result "0-1"]
[Round "10"]
[TimeControl "180+2"]
[Date "2023.03.21"]
[WhiteClock "0:00:45"]
[BlackClock "0:01:18"]

1. e4 Nc6 2. Nf3 d5 3. exd5 Qxd5 4. Nc3 Qa5 5. Bb5 Bd7 6. O-O a6 7. Be2 O-O-O 8. a3 Bg4 9. d3 Bxf3 10. Bxf3 Nd4 11. Be3 Nxf3+ 12. Qxf3 Nf6 13. Rfe1 e6 14. b4 Qh5 15. Qxh5 Nxh5 16. Ne4 Be7 17. g3 Rd7 18. Kg2 Rhd8 19. Rab1 h6 20. a4 Nf6 21. Bc5 Nxe4 22. Bxe7 Rxe7 23. Rxe4 Rd5 24. Rbe1 Red7 25. h4 c5 26. b5 axb5 27. axb5 Kc7 28. Rb1 Kb6 29. Kf3 Rd4 30. Ke3 Rxe4+ 31. dxe4 Rd4 32. c3 Rd8 33. h5 c4 34. Rc1 Kxb5 35. Ke2 Kc5 36. Ra1 Rd3 37. Ra7 Kc6 38. Ra3 g6 39. hxg6 fxg6 40. f3 h5 41. Kf2 g5 42. Ra5 g4 43. f4 Rf3+ 44. Kg2 Rxc3 45. Rxh5 Rc2+ 46. Kf1 b5 47. Ke1 b4 48. Kd1 b3 49. Rh6 Kd7 50. Rh7+ Kd6 51. Rh6 Rg2 52. Kc1 c3 0-1


[Site "https://www.chess.com"]

[Event "Titled Tuesday Blitz March 21 Late 2023"]
[White "Shohat, Yotam"]
[Black "O`Gorman, Tom"]
[WhiteFideId "2813955"]
[BlackFideId "2508249"]
[WhiteElo "2226"]
[BlackElo "2271"]
[Result "1-0"]
[Round "10"]
[TimeControl "180+2"]
[Date "2023.03.21"]
[WhiteClock "0:00:05"]
[BlackClock "0:01:04"]

1. e4 e5 2. Nf3 Nc6 3. g3 Nf6 4. d3 d5 5. exd5 Nxd5 6. Bg2 Be7 7. O-O O-O 8. Re1 Bf6 9. Bd2 g6 10. Nc3 Be6 11. Nxd5 Bxd5 12. c4 Be6 13. Bc3 Qd6 14. Qe2 Nd4 15. Bxd4 exd4 16. Nd2 c6 17. Ne4 Qe7 18. b4 Bg7 19. Nc5 Rfe8 20. Nxe6 Qxe6 21. Qxe6 Rxe6 22. Rxe6 fxe6 23. Rb1 Rc8 24. b5 cxb5 25. Bxb7 Rc7 26. Rxb5 Bf8 27. a4 Kf7 28. a5 Bc5 29. a6 Ke7 30. Kg2 Kd6 31. Kf3 Rf7+ 32. Ke2 g5 33. h3 h5 34. Bf3 h4 35. gxh4 gxh4 36. Rb8 Rh7 37. Be4 Rf7 38. Rh8 Rf4 39. Rh7 Bb6 40. Rb7 Kc5 41. Re7 Rf6 42. Rh7 Rf4 43. Rg7 Kb4 44. Rg1 Rf7 45. Rb1+ Ka5 46. Bb7 Ka4 47. Rb5 Rg7 48. Rxb6 axb6 49. a7 1-0


[Site "https://www.chess.com"]

[Event "Titled Tuesday Blitz March 21 Late 2023"]
[White "Sai Krishna G V"]
[Black "cryptoguru02"]
[WhiteFideId "5028280"]
[WhiteElo "2359"]
[BlackElo "2520"]
[Result "1/2-1/2"]
[Round "10"]
[TimeControl "180+2"]
[Date "2023.03.21"]
[WhiteClock "0:00:14"]
[BlackClock "0:00:08"]

1. d4 d5 2. Nf3 Nf6 3. Bf4 g6 4. e3 Bg7 5. h4 c6 6. Nbd2 h5 7. Ng5 Bf5 8. Ndf3 Nbd7 9. Bd3 e6 10. Qd2 Ne4 11. Bxe4 dxe4 12. Ng1 e5 13. dxe5 Nxe5 14. Bxe5 Qxd2+ 15. Kxd2 Bxe5 16. c3 f6 17. N5h3 O-O-O+ 18. Kc2 Bg4 19. f4 exf3 20. gxf3 Be6 21. Ne2 Rd7 22. Nhf4 Bf7 23. Nd3 Rhd8 24. Rhd1 Bc7 25. b3 g5 26. hxg5 fxg5 27. Nf2 Bg6+ 28. e4 g4 29. f4 Bb6 30. Nd4 Bxd4 31. cxd4 g3 32. f5 Bh7 33. Nh3 Rxd4 34. Ng5 Bg8 35. Rh1 Rd2+ 36. Kc3 g2 37. Rxh5 Rd1 38. Rxd1 Rxd1 39. Rh8 g1=Q 40. Rxg8+ Kc7 41. Ne6+ Kd6 42. Rxg1 Rxg1 43. Nd4 Rg3+ 44. Kc4 Ke5 45. Ne2 Rg4 46. Nc3 Rg3 47. a4 b6 48. b4 a6 49. b5 cxb5+ 50. axb5 axb5+ 51. Nxb5 Kxe4 52. f6 Rf3 53. f7 Rxf7 54. Nd6+ Ke5 55. Nxf7+ Ke6 56. Ng5+ Kf5 57. Nf3 b5+ 58. Kb4 Kf4 59. Nd4 Ke3 60. Nxb5 1/2-1/2


[Site "https://www.chess.com"]

[Event "Titled Tuesday Blitz March 21 Late 2023"]
[White "Taboas Rodriguez, Daniel"]
[Black "JackRodgers"]
[WhiteFideId "2208466"]
[WhiteElo "2365"]
[BlackElo "2502"]
[Result "0-1"]
[Round "10"]
[TimeControl "180+2"]
[Date "2023.03.21"]
[WhiteClock "0:01:45"]
[BlackClock "0:01:28"]

1. d4 Nf6 2. Nf3 e6 3. c4 b6 4. Nc3 Bb4 5. Qc2 Bb7 6. a3 Bxc3+ 7. Qxc3 Ne4 8. Qc2 f5 9. g3 O-O 10. Bg2 d6 11. O-O Nd7 12. Ng5 Nxg5 13. Bxb7 Rb8 14. Bc6 Nf7 15. e4 fxe4 16. Qxe4 e5 17. Be3 Nf6 18. Qh4 Qc8 19. Rad1 Qg4 20. Qxg4 Nxg4 21. Bd5 Nf6 22. Be6 Rbe8 23. d5 Kh8 24. f4 exf4 25. Bxf4 Nd8 26. Bh3 Re2 27. Rd2 Rfe8 28. Rxe2 Rxe2 29. Rf2 Rxf2 30. Kxf2 Kg8 31. Ke3 Kf7 32. Kd4 a5 33. b4 axb4 34. axb4 h6 35. c5 bxc5+ 36. bxc5 Nb7 37. Be6+ Ke7 38. c6 Nd8 39. Bg8 Nxg8 40. h4 Nf7 41. g4 Nf6 42. g5 hxg5 43. hxg5 Nh5 44. Bc1 Ne5 45. Ke4 g6 46. Be3 Ng3+ 47. Kf4 Nf5 48. Ba7 Kd8 49. Bf2 Nd3+ 50. Kf3 Nxf2 51. Kxf2 Ne7 0-1


[Site "https://www.chess.com"]

[Event "Titled Tuesday Blitz March 21 Late 2023"]
[White "Lamard, Guillaume"]
[Black "Mazurkiewicz, Michal"]
[WhiteFideId "600261"]
[BlackFideId "1124943"]
[WhiteElo "2413"]
[BlackElo "2054"]
[Result "1-0"]
[Round "10"]
[TimeControl "180+2"]
[Date "2023.03.21"]
[WhiteClock "0:01:01"]
[BlackClock "0:00:08"]

1. d4 Nf6 2. Bf4 g6 3. Nc3 d5 4. e3 Bg7 5. Nb5 Na6 6. Nf3 O-O 7. h3 c6 8. Nc3 Qb6 9. Rb1 c5 10. Be5 cxd4 11. Qxd4 Bf5 12. Bd3 Bxd3 13. cxd3 Qxd4 14. Nxd4 Nb4 15. Ke2 Nc6 16. Nxc6 bxc6 17. Rhc1 Rac8 18. Na4 Nd7 19. Bxg7 Kxg7 20. Nc5 Nxc5 21. Rxc5 Rc7 22. Rbc1 Rfc8 23. b4 a6 24. Ra5 Rb8 25. a3 Rb6 26. Rxd5 cxd5 27. Rxc7 e6 28. Kd2 Kf6 29. Kc3 h5 30. h4 e5 31. a4 Ke6 32. a5 Rd6 33. d4 e4 34. b5 axb5 35. Kb4 Rd8 36. a6 Ra8 37. a7 f5 38. Kxb5 f4 39. Kb6 f3 40. gxf3 exf3 41. Kb7 Rxa7+ 42. Kxa7 Kf5 43. Rg7 Kg4 44. Rxg6+ Kxh4 45. Kb6 Kh3 46. Kc5 h4 47. Kxd5 Kh2 48. Ke4 h3 49. Kxf3 Kh1 50. Rh6 h2 51. Rxh2+ Kxh2 52. d5 1-0


[Site "https://www.chess.com"]

[Event "Titled Tuesday Blitz March 21 Late 2023"]
[White "aidenzhouu"]
[Black "Papp, Levente"]
[BlackFideId "751243"]
[WhiteElo "2474"]
[BlackElo "2380"]
[Result "0-1"]
[Round "10"]
[TimeControl "180+2"]
[Date "2023.03.21"]
[WhiteClock "0:00:17"]
[BlackClock "0:00:41"]

1. d4 e6 2. c4 Nf6 3. Nf3 d5 4. g3 dxc4 5. Bg2 Bb4+ 6. Bd2 a5 7. Qc2 b5 8. a4 Bxd2+ 9. Qxd2 c6 10. axb5 cxb5 11. Qg5 O-O 12. Qxb5 Qd5 13. Nc3 Qxb5 14. Nxb5 Nd5 15. Ne5 Bd7 16. Nxd7 Nxd7 17. Bxd5 exd5 18. Nc7 Rab8 19. Nxd5 Rxb2 20. O-O Rxe2 21. Rxa5 Rd2 22. Ne7+ Kh8 23. d5 c3 24. Rc1 c2 25. Kg2 Re8 26. Ra2 g6 27. Nc6 Ree2 28. Ra8+ Kg7 29. Rf1 Rxf2+ 30. Rxf2 c1=Q 0-1


[Site "https://www.chess.com"]

[Event "Titled Tuesday Blitz March 21 Late 2023"]
[White "Jovic, Stanoje"]
[Black "Ambartsumova, Karina"]
[WhiteFideId "905020"]
[BlackFideId "4166299"]
[WhiteElo "2236"]
[BlackElo "2300"]
[Result "1-0"]
[Round "10"]
[TimeControl "180+2"]
[Date "2023.03.21"]
[WhiteClock "0:00:11"]
[BlackClock "0:00:01"]

1. c4 Nf6 2. g3 g6 3. Bg2 Bg7 4. Nc3 O-O 5. Nf3 d6 6. O-O e5 7. d3 c6 8. Rb1 h6 9. b4 Be6 10. a4 Qd7 11. b5 Bh3 12. bxc6 Nxc6 13. Bxh3 Qxh3 14. Rxb7 Ng4 15. Be3 f5 16. Rc7 Rac8 17. Rxc6 Rxc6 18. Nd5 Kh7 19. Qb3 Rf7 20. Qb8 Rf8 21. Qxa7 g5 22. Rb1 f4 23. Rb7 Rg8 24. Bd2 e4 25. dxe4 Rxc4 26. Ne7 fxg3 27. hxg3 Qh5 28. Nf5 Qg6 29. Ne7 Qxe4 30. Nxg8 Kxg8 31. Qa8+ Kh7 32. Qa7 Qg6 33. Qa6 Ne5 34. Nxe5 dxe5 35. Qxc4 Qd6 36. Qe4+ 1-0


[Site "https://www.chess.com"]

[Event "Titled Tuesday Blitz March 21 Late 2023"]
[White "Hoffmann, Asa"]
[Black "Sielecki, Christof"]
[WhiteFideId "2001470"]
[BlackFideId "4620437"]
[WhiteElo "2117"]
[BlackElo "2443"]
[Result "1/2-1/2"]
[Round "10"]
[TimeControl "180+2"]
[Date "2023.03.21"]
[WhiteClock "0:00:22"]
[BlackClock "0:00:11"]

1. d4 d5 2. Bg5 h6 3. Bh4 c5 4. e3 cxd4 5. exd4 Qb6 6. b3 e5 7. Nf3 e4 8. Ne5 Nc6 9. Nxc6 bxc6 10. c3 Ne7 11. Be2 Nf5 12. Bg3 Nxg3 13. hxg3 Bd6 14. Nd2 O-O 15. Nf1 f5 16. Qd2 f4 17. gxf4 Rxf4 18. Ne3 Be6 19. g3 Rf7 20. Bh5 Rf6 21. Bg4 Raf8 22. Bxe6+ Rxe6 23. O-O-O Qd8 24. Kb1 Ref6 25. Rhf1 Qd7 26. c4 dxc4 27. Nxc4 Bc7 28. Rde1 Qd5 29. Qe3 Re6 30. f4 Bb6 31. Rd1 Rd8 32. Qe2 Bxd4 33. f5 Ree8 34. f6 Rf8 35. fxg7 Kxg7 36. Qg4+ Qg5 37. Qxe4 Bf6 38. g4 Qg6 39. Qf5 Rxd1+ 40. Rxd1 Qxf5+ 41. gxf5 Bg5 42. Rd6 Rxf5 43. Rxc6 Rf7 44. Ne5 Re7 45. Nf3 Bf6 46. Kc2 h5 47. Rc4 Kg6 48. b4 Kf5 49. b5 Re4 50. Kd3 Rxc4 51. Kxc4 Ke4 52. Ng1 h4 53. a4 Ke3 54. a5 Kf2 55. Nh3+ Kg3 56. Ng1 Bd8 57. b6 Bxb6 58. axb6 axb6 59. Kb5 Kg2 60. Ne2 Kf2 61. Nf4 Kg3 62. Ne2+ Kf3 63. Ng1+ Kg2 64. Ne2 h3 65. Nf4+ Kg3 66. Nxh3 Kxh3 67. Kxb6 1/2-1/2


[Site "https://www.chess.com"]

[Event "Titled Tuesday Blitz March 21 Late 2023"]
[White "Filgueira, Hernan"]
[Black "Manukyan, Sargis V."]
[WhiteFideId "101770"]
[BlackFideId "13303465"]
[WhiteElo "2363"]
[BlackElo "2236"]
[Result "1/2-1/2"]
[Round "10"]
[TimeControl "180+2"]
[Date "2023.03.21"]
[WhiteClock "0:01:18"]
[BlackClock "0:00:35"]

1. c4 c5 2. g3 Nf6 3. Bg2 g6 4. Nf3 Bg7 5. d4 cxd4 6. Nxd4 O-O 7. Nc3 Nc6 8. Nc2 d6 9. Bd2 a6 10. O-O Bd7 11. Ne3 Rb8 12. a4 Re8 13. Ned5 Nxd5 14. cxd5 Ne5 15. Qb3 b5 16. axb5 axb5 17. Na2 Qb6 18. Bc3 Rec8 19. Nb4 Ra8 20. e3 Bf5 21. Bd4 Qb7 22. Bxe5 Bxe5 23. Nc6 Bf6 24. Rfc1 h5 25. Rxa8 Rxa8 26. Bf1 1/2-1/2


[Site "https://www.chess.com"]

[Event "Titled Tuesday Blitz March 21 Late 2023"]
[White "Toktomushev, Teimur"]
[Black "Medina Paz, Miguel"]
[WhiteFideId "14176726"]
[BlackFideId "7300379"]
[WhiteElo "2116"]
[BlackElo "2428"]
[Result "0-1"]
[Round "10"]
[TimeControl "180+2"]
[Date "2023.03.21"]
[WhiteClock "0:00:02"]
[BlackClock "0:00:40"]

1. d4 e6 2. c4 Nf6 3. Nf3 Bb4+ 4. Bd2 Qe7 5. g3 Nc6 6. a3 Bxd2+ 7. Qxd2 d6 8. Bg2 O-O 9. O-O e5 10. d5 Nb8 11. Nc3 a5 12. e4 Na6 13. b4 Bg4 14. Qb2 Bxf3 15. Bxf3 axb4 16. axb4 c5 17. bxc5 Nxc5 18. Qb6 Ra6 19. Rxa6 bxa6 20. Ra1 h5 21. Na4 Nfd7 22. Qc7 Qf6 23. Bg2 Nxa4 24. Rxa4 Nc5 25. Ra5 Nd3 26. Ra2 Nc5 27. Ra5 h4 28. gxh4 Nd3 29. Ra2 Nf4 30. c5 Qxh4 31. f3 Qe1+ 32. Bf1 Qe3+ 0-1


[Site "https://www.chess.com"]

[Event "Titled Tuesday Blitz March 21 Late 2023"]
[White "Bochnicka, Vladimir"]
[Black "Marjanovic, Annamaria"]
[WhiteFideId "14943450"]
[BlackFideId "750930"]
[WhiteElo "2094"]
[BlackElo "2212"]
[Result "0-1"]
[Round "10"]
[TimeControl "180+2"]
[Date "2023.03.21"]
[WhiteClock "0:00:12"]
[BlackClock "0:00:07"]

1. e4 e6 2. d4 d5 3. Nd2 c5 4. exd5 Qxd5 5. Ngf3 cxd4 6. Bc4 Qd6 7. O-O Nf6 8. Nb3 Nc6 9. Nbxd4 Nxd4 10. Nxd4 a6 11. c3 Qc7 12. Bb3 Bd6 13. h3 O-O 14. Qf3 Nd7 15. Qh5 Ne5 16. Bc2 Ng6 17. Re1 b5 18. Be3 Bb7 19. Rad1 Rad8 20. Bb3 Qc5 21. Qg4 Qe5 22. g3 h5 23. Qe2 Qe4 24. f3 Qe5 25. Bf2 Qf6 26. f4 h4 27. Nxe6 fxe6 28. Qxe6+ Qxe6 29. Bxe6+ Kh7 30. f5 Ne5 31. Re3 Nf3+ 32. Kf1 hxg3 33. Be1 Nh2+ 34. Ke2 Bf4 35. Rxd8 Rxd8 36. Rd3 Rxd3 37. Kxd3 g2 38. Bf2 Nf3 39. f6 gxf6 40. Bf5+ Kg7 41. h4 g1=Q 42. Bxg1 Nxg1 43. h5 Be5 44. b3 Nf3 45. c4 b4 46. c5 Bd5 47. Bd7 Nd4 48. Bc8 a5 49. Ba6 Nc6 50. Bc8 Kh6 51. Bg4 Kg5 52. Bd1 Bd4 53. Be2 Bxc5 54. Bf1 Ne5+ 55. Kd2 Nf3+ 56. Ke2 Nh2 57. Bh3 Kxh5 58. Kd1 Kg5 59. Kd2 f5 60. Kd3 f4 61. Ke2 f3+ 62. Ke1 f2+ 63. Ke2 Bf3+ 64. Kd3 Bg4 65. Bf1 Nxf1 66. Kc4 Ng3 67. Kb5 f1=Q+ 68. Kxa5 Qf5 69. a3 bxa3 70. b4 a2 71. bxc5 a1=Q+ 72. Kb5 Qxc5+ 73. Kxc5 Qe5+ 74. Kc6 Bf3+ 75. Kb6 Qd6+ 76. Ka5 Qc6 77. Kb4 Kf5 78. Kb3 Ke4 79. Kb2 Kd3 80. Kb3 Qb5+ 81. Ka3 Kc3 82. Ka2 Qb2# 0-1


[Site "https://www.chess.com"]

[Event "Titled Tuesday Blitz March 21 Late 2023"]
[White "Poliakova, Varvara"]
[Black "Hindermann, Felix"]
[WhiteFideId "13518313"]
[BlackFideId "1305212"]
[WhiteElo "2075"]
[BlackElo "2206"]
[Result "1-0"]
[Round "10"]
[TimeControl "180+2"]
[Date "2023.03.21"]
[WhiteClock "0:01:26"]
[BlackClock "0:00:20"]

1. e4 e6 2. d4 d5 3. Nd2 Nc6 4. Ngf3 Nf6 5. e5 Nd7 6. c3 f6 7. Bd3 fxe5 8. Nxe5 Ndxe5 9. dxe5 Nxe5 10. Qh5+ Nf7 11. Bxh7 Qg5 12. Qxg5 Nxg5 13. Bg6+ Kd7 14. Nc4 Nf3+ 15. gxf3 dxc4 16. Bg5 Bd6 17. O-O-O b5 18. Be4 Rb8 19. h4 Bb7 20. h5 a5 21. Bxb7 Rxb7 22. Rdg1 b4 23. Bd2 Rh7 24. Rg4 Rb5 25. Rxc4 bxc3 26. Bxc3 Rbxh5 27. Rxh5 Rxh5 28. Bxg7 Rc5 29. Rxc5 Bxc5 30. Kc2 Bxf2 31. Kb3 Kc6 32. Be5 Bb6 33. Ka4 Kd5 34. Bc3 c6 35. Bxa5 Bd4 36. Bc3 Bxc3 37. bxc3 Kc4 38. Ka5 Kxc3 39. Kb6 Kd4 40. Kxc6 Ke3 41. Kd6 Kxf3 42. Ke5 Kg4 43. a4 Kf3 44. a5 Ke2 45. a6 Kd3 46. a7 Kc4 47. a8=Q Kb5 48. Qe8+ Kc5 49. Qxe6 Kb5 50. Qd6 Kc4 51. Qd5+ Kb4 52. Qc6 Kb3 53. Kd4 Kb4 54. Qb6+ Ka3 55. Kc3 Ka2 56. Qb2# 1-0


[Site "https://www.chess.com"]

[Event "Titled Tuesday Blitz March 21 Late 2023"]
[White "Domingo Nunez, Alejandro"]
[Black "Bolanos, Fernando"]
[WhiteFideId "22245561"]
[BlackFideId "3304094"]
[WhiteElo "2230"]
[BlackElo "2166"]
[Result "1-0"]
[Round "10"]
[TimeControl "180+2"]
[Date "2023.03.21"]
[WhiteClock "0:02:36"]
[BlackClock "0:00:02"]

1. e4 c5 2. d4 cxd4 3. c3 dxc3 4. Nxc3 e6 5. Nf3 Nc6 6. Bc4 a6 7. O-O Nge7 8. Bg5 f6 9. Be3 Ng6 10. Bb3 Be7 11. Nd5 exd5 12. exd5 Nce5 13. d6 Bxd6 14. Qxd6 Qe7 15. Qd5 Nxf3+ 16. Qxf3 Ne5 17. Qd5 1-0


[Site "https://www.chess.com"]